 Dungeon Crawl Stone Soup version 0.26.0-16-gc1dbca0489 (webtiles) character file.

Game seed: 14241169695433572420

355 112233 the Magician (level 6, 0/54 HPs)
             Began as an Octopode Venom Mage on Jan 18, 2021.
             Slain by an orc
             ... wielding a +0 club
              (3 damage)
             ... on level 4 of the Dungeon.
             The game lasted 00:03:48 (5736 turns).

112233 the Magician (Octopode Venom Mage)           Turns: 5736, Time: 00:03:48

Health: 0/54       AC:  1    Str:  7    XL:     6   Next: 63%
Magic:  4/13       EV: 15    Int: 19    God:
Gold:   165        SH:  0    Dex: 13    Spells: 12/15 levels left

rFire    . . .     SeeInvis .   a - +0 whip
rCold    . . .     Faith    .   (no shield)
rNeg     . . .     Spirit   .   (helmet restricted)
rPois    .         Reflect  .   (no amulet)
rElec    .         Harm     .   (no ring)
rCorr    .         Rampage  .   (no ring)
Will     .....                  (no ring)
Stlth    ..........             (no ring)
HPRegen  0.18/turn              (no ring)
MPRegen  0.13/turn              (no ring)
                                (no ring)
                                (no ring)

@: berserking, flying, very slightly contaminated, very quick
A: almost no armour, stealthy swim, amphibious, 8 rings, constrict 8, camouflage
1, gelatinous body 1
a: no special abilities


You were on level 4 of the Dungeon.
You visited 1 branch of the dungeon, and saw 4 of its levels.

You collected 165 gold pieces.

Inventory:

Hand Weapons
 a - a +0 whip (weapon)
Missiles
 c - 29 poisoned darts
 m - 8 silver javelins
Armour
 n - a +0 kite shield
Scrolls
 b - 2 scrolls of fog {unknown}
 d - 2 scrolls of enchant weapon {unknown}
 f - 2 scrolls of identify {unknown}
 g - a scroll of blinking {unknown}
 l - 3 scrolls of remove curse {unknown}
Potions
 i - 2 potions of flight
 j - 2 potions of invisibility {unknown}
 k - a potion of might {unknown}


   Skills:
 + Level 4.1 Dodging
 - Level 2.6 Stealth
 * Level 5.2 Spellcasting
 - Level 1.0 Transmutations
 - Level 3.6 Poison Magic


You had 12 spell levels left.
You knew the following spells:

 Your Spells              Type           Power        Failure   Level
a - Sting                 Tmut/Pois      52%          4%          1
b - Poisonous Vapours     Pois/Air       22%          9%          2

Your spell library contained the following spells:

 Spells                   Type           Power        Failure   Level
 Ignite Poison            Fire/Tmut/Pois 10%          19%         3
 Mephitic Cloud           Conj/Pois/Air  9%           22%         3
 Olgreb's Toxic Radiance  Pois           18%          26%         4


Dungeon Overview and Level Annotations

Branches:
Dungeon (4/15)
 Temple: D:4-7

Altars:
Yredelemnul

Annotations:
D:2 Sigmund


Innate Abilities, Weirdness & Mutations

You cannot wear most types of armour.
You are very stealthy in the water. (Stealth+)
You are amphibious.
You can wear up to eight rings at the same time.
You can use your tentacles to constrict eight enemies at once.
Your skin changes colour to match your surroundings (Stealth+).
Your rubbery body absorbs attacks. (AC +1, EV +1)


Message History

The orc wizard hits you with a +0 dagger.
The orc hits you with a +0 club.
* * * LOW HITPOINT WARNING * * *
The orc wizard closely misses you.
It was a potion of flight.
You feel very buoyant.
You fly up into the air.
The orc wizard hits you with a +0 dagger.
* * * LOW HITPOINT WARNING * * *
An orc priest comes into view. It is wielding a +0 dagger.
The orc hits you with a +0 club.
* * * LOW HITPOINT WARNING * * *
Unknown command.
It was a potion of berserk rage.
A red film seems to cover your vision as you go berserk!
You feel yourself moving faster!
You feel mighty! The orc wizard barely misses you.
The orc priest looks satisfied for a moment.
The orc wizard closely misses you. The orc hits you with a +0 club.
You die...

#.##♣≈≈≈≈≈≈≈≈≈≈P≈#
#
#<##♣≈≈♣≈≈≈≈P≈≈♣≈#
#
#†##≈≈≈≈≈♣P≈≈P≈≈♣#
#
#.##.P≈≈≈≈≈≈≈≈≈♣≈#
#......≈≈≈≈≈≈≈≈≈≈≈#
###...#♣♣≈≈≈≈≈≈♣≈≈#
###.#
#♣♣≈≈≈≈≈≈#####.#
#.# ♣♣≈≈≈.o......#
..# ♣♣♣##@#####.
... #o# # #.#
.............≈.
........######.
####.#.#o #.#. # .
.. # 8.


You could see an orc priest, an orc wizard (fast, poisoned) and an orc.

Vanquished Creatures
  A scorpion (D:4)
  An orc priest (D:4)
  A hound (D:4)
  An iguana (D:4)
  An orc wizard (D:4)
  3 worker ants (D:4)
  3 adders
  2 oozes
  4 dart slugs
  3 worms
  3 leopard geckos
  An orc (D:4)
  6 giant cockroaches
  10 goblins
  5 hobgoblins
  8 kobolds
  5 quokkas
  A ball python (D:4)
  6 bats
  7 frilled lizards
  3 rats (D:1)
75 creatures vanquished.

Vanquished Creatures (others)
  47 plants (D:4)
47 creatures vanquished.

Grand Total: 122 creatures vanquished

Notes
Turn   | Place    | Note
-------+----------+-------------------------------------------
     0 | D:1      | 112233 the Octopode Venom Mage began the quest for the Orb.
     0 | D:1      | Reached XP level 1. HP: 11/11 MP: 3/3
   433 | D:1      | Reached XP level 2. HP: 17/17 MP: 5/5
   742 | D:1      | You fall into a shaft and drop 1 floor!
  1138 | D:2      | Learned a level 2 spell: Poisonous Vapours
  1139 | D:2      | Reached XP level 3. HP: 21/21 MP: 4/7
  1336 | D:2      | Reached skill level 3 in Spellcasting
  2165 | D:2      | Reached XP level 4. HP: 27/27 MP: 1/9
  2647 | D:2      | Noticed Sigmund
  3528 | D:3      | Found a basalt altar of Yredelemnul.
  4514 | D:4      | Reached skill level 4 in Spellcasting
  4514 | D:4      | Reached XP level 5. HP: 5/31 MP: 0/11
  5416 | D:4      | Reached XP level 6. HP: 36/36 MP: 3/13
  5524 | D:4      | Noticed Edmund
  5728 | D:4      | Reached skill level 5 in Spellcasting
  5736 | D:4      | Slain by an orc

Illustrated notes

Levels and vault maps discovered:
D:1:      heliophobic_arrival_dark_side_of_the_moon, layout_loops_ring
D:2:      kennysheep_the_goblin_king, layout_basic, hex_medium, uniq_sigmund
D:3:      layout_basic, general_overflow_altar, serial_co_window_serial,
          co_window_corner_a, co_window_paths_a, co_window_corner_a,
          co_window_paths_b, co_window_cross_1, co_window_of_opportunity_b,
          co_window_broadway_b, co_window_unsneaky_path_e, co_window_broadway_b,
          co_window_2corner, co_window_of_opportunity_c, glass_columns_a,
          glass_columns_c, glass_columns_a
D:4:      kennysheep_six_static_rooms, layout_loops_ring,
          grunt_temple_overflow_champion_of_chaos,
          nicolae_overflow_hidden_temple, serial_bayou, serial_bayou_shore_b,
          serial_bayou_pond_c, serial_bayou_lake_a, serial_bayou_pond_c,
          serial_shops, nicolae_shop_statue_plus, uniq_edmund

Skill      XL: |  1  2  3  4  5  6 |
---------------+-------------------+-----
Spellcasting   | 3 4 5 |  5.2
Dodging        | 3 4 |  4.1
Stealth        | |  2.6
Transmutations | |  1.0
Poison Magic   | |  3.6

Action                   |  1- 3 |  4- 6 || total
-------------------------+-------+-------++-------
Melee: Unarmed           |     5 |       ||     5
       Constrict         |     6 |     6 ||    12
       Whip              |    18 |    27 ||    45
       Tentacles         |     2 |     5 ||     7
 Cast: Sting             |    40 |    21 ||    61
       Poisonous Vapours |    12 |    71 ||    83
  Use: Potion            |       |     4 ||     4
 Stab: Sleeping          |       |     1 ||     1
Armor: Skin              |    12 |       ||    12
Dodge: Dodged            |    38 |    36 ||    74
